 Dungeon Crawl Stone Soup version 0.32-a0-685-g93135e86f0 (webtiles) character file.

Game seed: 16339724013905873486

590 shadizar the Magician (level 7, -1/52 HPs)
             Began as a Djinni Earth Elementalist on Mar 12, 2024.
             Shot with an arrow by a centaur (9 damage)
             ... on level 5 of the Dungeon.
             The game lasted 00:03:07 (3249 turns).

shadizar the Magician (Djinni Earth Elementalist)   Turns: 3249, Time: 00:03:08

Health: -1/52      AC:  3    Str:  7    XL:     7   Next: 66%
Gold:   223        EV: 12    Int: 19    God:
                   SH:  0    Dex: 13

rFire   + + .        (no weapon)
rCold   x . .        (no shield)
rNeg    . . .        a - +0 robe
rPois   ∞            (no helmet)
rElec   .            (no cloak)
rCorr   .            u - +0 pair of gloves
SInv    .            (boots unavailable)
Will    .....        (no amulet)
Stlth   ++           (no ring)
HPRegen 0.28/turn    (no ring)
MPRegen 0.00/turn

%: infuse magic (-2 HP)
@: marked, flying
A: sickness immunity, fire resistance 2, cold vulnerability 1, float, innate
caster, HP casting, extra vitality 1
a: no special abilities


You were on level 5 of the Dungeon.
You visited 1 branch of the dungeon, and saw 5 of its levels.

You collected 223 gold pieces.

Inventory:

Armour
 a - a +0 robe (worn)
 i - a +0 leather armour
 j - a +1 scale mail of willpower
 r - the +6 ring mail "Siezoc" {rPois Regen+ rCorr Dex+4}
   (You found it on level 4 of the Dungeon)

   Dex+4:     It affects your dexterity (+4).
   rPois:     It protects you from poison.
   Regen+:    It increases your rate of health regeneration.
   rCorr:     It protects you from acid and corrosion.
 u - a +0 pair of gloves (worn)
Wands
 n - a wand of charming (8)
 v - a wand of mindburst (12)
Scrolls
 b - 7 scrolls of identify {unknown}
 c - a scroll of poison {unknown}
 f - 2 scrolls of vulnerability {unknown}
 g - 2 scrolls of torment {unknown}
 l - a scroll of silence {unknown}
 q - a scroll of enchant weapon {unknown}
 t - a scroll of immolation {unknown}
Potions
 d - 2 potions of brilliance {unknown}
 e - a potion of attraction {unknown}
 h - 3 potions of curing {unknown}
 k - a potion of resistance {unknown}
 m - a potion of might {unknown}
 o - 2 potions of lignification {unknown}
 p - a potion of magic {unknown}
 s - a potion of degeneration {unknown}
 w - a potion of enlightenment {unknown}


   Skills:
 + Level 4.0 Fighting
 - Level 2.1 Dodging
 - Level 1.5 Stealth
 * Level 5.8 Spellcasting
 * Level 5.8 Conjurations
 * Level 5.8 Hexes
   Level 0.0 Charms
 * Level 5.8 Summonings
 * Level 5.8 Necromancy
 * Level 5.8 Translocations
   Level 0.0 Transmutations
 * Level 5.8 Fire Magic
 * Level 5.8 Ice Magic
 * Level 5.8 Air Magic
 * Level 5.8 Earth Magic
 * Level 5.8 Alchemy


You knew the following spells:

 Your Spells              Type           Power      Damage    Failure   Level
a - Sandblast             Erth           54%        2d13      1%          1
b - Passwall              Erth           27%        N/A       3%          3
c - Stone Arrow           Conj/Erth      54%        3d10      3%          3
d - Petrify               Alch/Erth      27%        N/A       10%         4
e - Brom's Barrelling Bo  Conj/Erth      27%        2d5       10%         4
f - Magic Dart            Conj           100%       1d8       1%          1
g - Momentum Strike       Conj/Tloc      54%        3d9       1%          2
h - Confusing Touch       Hex            27%        N/A       3%          3
Your spell library was empty.

Dungeon Overview and Level Annotations

Branches:
Dungeon (5/15)
 Temple: D:4-7

Altars:
Makhleb
Ru
Xom
The Shining One


Innate Abilities, Weirdness & Mutations

You are immune to sickness and miasma.
You are immune to poison.
Your flesh is very heat resistant. (rF++)
You are vulnerable to cold. (rC-)
You float through the air rather than walking.
You learn spells naturally, not from books.
Your magical power is your life essence.
You have superior vitality. (+4 MHP)


Message History

Aiming: Stone Arrow (dangerous; 3% risk of failure)
Press: ? - help, Shift-Dir - straight line, f/p - water moccasin
Aim: a water moccasin (almost dead, 53% to hit)
The stone arrow hits the water moccasin!!
You kill the water moccasin!
The centaur wields a +0 shortbow.
The centaur shoots an arrow.
The arrow barely misses you.
Your Fighting skill increases to level 4!
Unknown command.
Unknown command.
Unknown command.
The centaur shoots an arrow.
The arrow closely misses you.
The centaur shoots an arrow.
The arrow hits you!
You see here a water moccasin corpse.
The centaur shoots an arrow.
The arrow hits you!
* * * LOW HITPOINT WARNING * * *
Casting: Stone Arrow (dangerous; 3% risk of failure)
Confirm with . or Enter, or press ? or * to list all spells.
You can't see any susceptible monsters within range! (Use Z to cast anyway.) Unknown command.
Unknown command.
The centaur shoots an arrow.
The arrow barely misses you.
Casting: Stone Arrow (dangerous; 3% risk of failure)
Confirm with . or Enter, or press ? or * to list all spells.
Aiming: Stone Arrow (dangerous; 3% risk of failure)
Press: ? - help, Shift-Dir - straight line, f - centaur
Aim: a centaur, wielding a +0 shortbow (83% to hit)
The stone arrow hits the centaur!
The centaur is heavily wounded.
* * * LOW HITPOINT WARNING * * *
Casting: Stone Arrow (dangerous; 3% risk of failure)
Confirm with . or Enter, or press ? or * to list all spells.
Aiming: Stone Arrow (dangerous; 3% risk of failure)
Press: ? - help, Shift-Dir - straight line, f/p - centaur
Aim: a centaur, wielding a +0 shortbow (heavily wounded, 83% to hit)
The stone arrow misses the centaur.
* * * LOW HITPOINT WARNING * * *
The centaur shoots an arrow.
The arrow closely misses you.
The centaur shoots an arrow.
The arrow hits you!
You die...

#.#.######. .. #....#
#... #. ####....###.#.
#. #.......'.#.## ## #.
#.###...#.#...
...#.####'###...#.####
...........#...#.#
##.####.......#...#.###
.....c.@.†....#...#...##
..#####.......#######.#.
#.......# #.#. #.......#
#.#. ######### #.#. #.#.
#.#. #... #..#


You could see a centaur.

Vanquished Creatures
  A water moccasin (D:5)
  An ogre (D:4)
  2 phantoms
  A bombardier beetle (D:3)
  A hound (D:5)
  An orc wizard (D:3)
  8 adders
  2 dart slugs (D:2)
  A ribbon worm (D:5)
  12 orcs
  3 bats
  9 endoplasms
  5 giant cockroaches
  7 hobgoblins
  3 jackals (D:2)
  2 kobolds
  3 quokkas
  7 ball pythons
  4 frilled lizards
  8 goblins
  4 rats
85 creatures vanquished.

Notes
Turn   | Place    | Note
-------+----------+-------------------------------------------
     0 | D:1      | shadizar the Djinni Earth Elementalist began the quest for
                  | the Orb.
     0 | D:1      | shadizar set off with the following spells memorised:
                  | Sandblast, Passwall, Stone Arrow, Petrify, Brom's
                  | Barrelling Boulder.
     0 | D:1      | Reached XP level 1. HP: 15/15 MP: 0/0
    53 | D:1      | You are sucked into a shaft and drop 1 floor!
   115 | D:1      | Reached XP level 2. HP: 21/22 MP: 0/0
   303 | D:1      | Reached skill level 1 in Fighting
   360 | D:1      | Reached XP level 3. HP: 26/27 MP: 0/0
   360 | D:1      | Learned a level 1 spell: Magic Dart
   790 | D:2      | Found a glowing golden altar of the Shining One.
   797 | D:2      | Reached XP level 4. HP: 31/33 MP: 0/0
  1199 | D:3      | Reached XP level 5. HP: 30/38 MP: 0/0
  1199 | D:3      | Learned a level 2 spell: Momentum Strike
  1704 | D:3      | Found a shimmering altar of Xom.
  2037 | D:3      | Found a burning altar of Makhleb.
  2262 | D:4      | Noticed a phantom
  2273 | D:4      | Killed a phantom
  2274 | D:4      | Reached skill level 5 in Spellcasting
  2274 | D:4      | Reached skill level 5 in Conjurations
  2274 | D:4      | Reached skill level 5 in Hexes
  2274 | D:4      | Reached skill level 5 in Summonings
  2274 | D:4      | Reached skill level 5 in Necromancy
  2274 | D:4      | Reached skill level 5 in Translocations
  2274 | D:4      | Reached skill level 5 in Fire Magic
  2274 | D:4      | Reached skill level 5 in Ice Magic
  2274 | D:4      | Reached skill level 5 in Air Magic
  2274 | D:4      | Reached skill level 5 in Earth Magic
  2274 | D:4      | Reached skill level 5 in Alchemy
  2274 | D:4      | Reached XP level 6. HP: 24/46 MP: 0/0
  2579 | D:4      | Found a sacrificial altar of Ru.
  2652 | D:4      | Noticed an ogre
  2655 | D:4      | Killed an ogre
  2672 | D:4      | Identified the +6 ring mail "Siezoc" {rPois Regen+ rCorr
                  | Dex+4}
  2706 | D:4      | Reached XP level 7. HP: 49/50 MP: 0/0
  2706 | D:4      | Learned a level 3 spell: Confusing Touch
  2999 | D:5      | Entered Level 5 of the Dungeon
  3240 | D:5      | Noticed a water moccasin
  3244 | D:5      | Killed a water moccasin
  3249 | D:5      | Shot with an arrow by a centaur

Illustrated notes

Levels and vault maps discovered:
D:1:      lemuel_arrival_broad_hall, layout_basic
D:2:      layout_rooms, basic_altar
D:3:      layout_basic, mainiacjoe_overflow_six_doors_small,
          mainiacjoe_overflow_two_lobes, serial_park_tiny_2, minmay_puff
D:4:      layout_basic, nicolae_ru_path_of_blood
D:5:      layout_basic, lemuel_tele_altar

Skill      XL: |  1  2  3  4  5  6  7 |
---------------+----------------------+-----
Fighting       | 1 2 3 4 |  4.0
Spellcasting   | 4 5 |  5.8
Conjurations   | 4 5 |  5.8
Hexes          | 4 5 |  5.8
Summonings     | 4 5 |  5.8
Necromancy     | 4 5 |  5.8
Translocations | 4 5 |  5.8
Fire Magic     | 4 5 |  5.8
Ice Magic      | 4 5 |  5.8
Air Magic      | 4 5 |  5.8
Earth Magic    | 4 5 |  5.8
Alchemy        | 4 5 |  5.8
Dodging        | |  2.1
Stealth        | |  1.5

Action                     |  1- 3 |  4- 6 |  7- 9 || total
---------------------------+-------+-------+-------++-------
  Melee: Unarmed           |     2 |     1 |       ||     3
   Cast: Sandblast         |    40 |    71 |    17 ||   128
         Stone Arrow       |       |       |     5 ||     5
 Armour: Robe              |     5 |    23 |     6 ||    34
  Dodge: Dodged            |     6 |    22 |     7 ||    35

Table legend: (Time is in decaauts)
 A = Elapsed time spent in this place.
 B = Non-inter-level travel time spent in this place.
 C = Inter-level travel time spent in this place.
 D = Time resting spent in this place.
 E = Time spent auto-exploring this place.
 F = Levels seen in this place.
 G = Mean time per level.
                   A        B        C        D        E       F      G
               +--------+--------+--------+--------+--------+-----+--------+
         Total |   3312 |   3214 |     98 |      0 |   2719 |   5 |  662.4 |
       Dungeon |   3312 |   3214 |     98 |      0 |   2719 |   5 |  662.4 |
               +--------+--------+--------+--------+--------+-----+--------+

Top non-repeatable levels by time:
     D:3: 1039 daAuts
     D:4: 817 daAuts
     D:1: 629 daAuts
     D:2: 571 daAuts
     D:5: 254 daAuts
